 Dungeon Crawl Stone Soup version 0.31-a0-232-gb1c03b2570 (webtiles) character file.

Game seed: 17646071059028298399

106 qw the Shooter (level 4, -4/36 HPs)
             Began as a Minotaur Hexslinger on July 7, 2023.
             Slain by Terence
             ... wielding a +0 hand axe
              (6 damage)
             ... on level 2 of the Dungeon.
             The game lasted 00:00:30 (1197 turns).

qw the Shooter (Minotaur Hexslinger)                Turns: 1197, Time: 00:00:30

Health: -4/36      AC:  2    Str: 12    XL:     4   Next: 55%
Magic:  4/4        EV: 12    Int: 10    God:
Gold:   98         SH:  0    Dex: 15    Spells: 4/5 levels left

rFire   . . .        Y - +2 sling
rCold   . . .        (no shield)
rNeg    . . .        c - +0 robe
rPois   .            (helmet restricted)
rElec   .            (no cloak)
rCorr   .            (no gloves)
SInv    .            (no boots)
Will    .....        (no amulet)
Stlth   +            (no ring)
HPRegen 0.26/turn    (no ring)
MPRegen 0.09/turn

%: no passive effects
@: no status effects
A: horns 2, retaliatory headbutt
a: no special abilities


You were on level 2 of the Dungeon.
You visited 1 branch of the dungeon, and saw 2 of its levels.

You collected 98 gold pieces.


Innate Abilities, Weirdness & Mutations

You have a pair of horns on your head.
You reflexively headbutt those who attack you in melee.


   Skills:
 + Level 2.1 Fighting
 - Level 5.1 Ranged Weapons
 - Level 2.1 Dodging
 - Level 1.0 Spellcasting
 - Level 2.0 Hexes


You had 4 spell levels left.
You knew the following spells:

 Your Spells              Type           Power      Damage    Failure   Level
a - Slow                  Hex            16%        N/A       16%         1

Your spell library contained the following spells:

 Spells                   Type           Power      Damage    Failure   Level
 Inner Flame              Hex/Fire       2%         N/A       56%         3
 Portal Projectile        Hex/Tloc       4%         N/A       56%         3
 Cause Fear               Hex            2%         N/A       83%         4

Inventory:

Hand Weapons
 Y - a +2 sling (weapon)
Armour
 b - a +0 ring mail
 c - a +0 robe (worn)
Jewellery
 a - a ring of poison resistance
 i - a ring of ice
Potions
 d - a potion of lignification {unknown}
 g - a potion of invisibility {unknown}
 h - 2 potions of curing

Dungeon Overview and Level Annotations

Branches:
Dungeon (2/15)

Altars:

Annotations:
D:2 Terence


Message History

Terence hits you with a +0 hand axe.
You shoot a sling bullet. The sling bullet hits Terence.
Terence is heavily wounded.
Terence barely misses you.
You shoot a sling bullet.
The sling bullet hits Terence but does no damage.
Terence is heavily wounded.
Terence hits you with a +0 hand axe!
You shoot a sling bullet.
The sling bullet hits Terence but does no damage.
Terence is heavily wounded.
Terence misses you. x2; You furiously retaliate!
You headbutt Terence, but do no damage. You shoot a sling bullet.
The sling bullet closely misses Terence.
Terence drinks a potion.
Terence suddenly seems more resistant.
You shoot a sling bullet.
The sling bullet hits Terence but does no damage.
Terence is heavily wounded.
Terence hits you with a +0 hand axe.
You shoot a sling bullet. The sling bullet barely misses Terence.
Terence hits you with a +0 hand axe.
You shoot a sling bullet.
The sling bullet hits Terence but does no damage.
Terence is heavily wounded.
Terence hits you with a +0 hand axe.
You shoot a sling bullet.
The sling bullet closely misses Terence.
Terence closely misses you.
You shoot a sling bullet. The sling bullet hits Terence.
Terence is heavily wounded.
Terence barely misses you. You furiously retaliate!
You headbutt Terence. Terence hits you with a +0 hand axe.
You shoot a sling bullet.
The sling bullet hits Terence but does no damage.
Terence is severely wounded.
Terence misses you.
You shoot a sling bullet. The sling bullet barely misses Terence.
Terence hits you with a +0 hand axe.
You die...

#### ##... ##.... #.....
#.....
#################.....
#...@@..........).....
....###############.....
# #####.........)....
##.....#########....
#..##### #.)).. #..#
##%...)
##%###########......
#.)................
##########)###.....


You could see Terence (resistant).

Vanquished Creatures
  Jessica (D:2)
  Robin (D:2)
  2 adders (D:2)
  2 dart slugs (D:1)
  2 ball pythons (D:2)
  4 endoplasms
  3 giant cockroaches (D:1)
  7 goblins
  7 hobgoblins
  A bat (D:1)
  A frilled lizard (D:2)
  5 kobolds
  9 rats
45 creatures vanquished.

Notes
Turn   | Place    | Note
-------+----------+-------------------------------------------
     0 | D:1      | qw the Minotaur Hexslinger began the quest for the Orb.
     0 | D:1      | Reached XP level 1. HP: 16/16 MP: 1/1
     0 | D:1      | 0 ||| qw: Version: 0.3-a-46-gb1f654a
     0 | D:1      | 0 ||| qw: Game counter: 2593
     0 | D:1      | 0 ||| qw: Melee chars always use a shield: true
     0 | D:1      | 0 ||| qw: God list: Okawaru
     0 | D:1      | 0 ||| qw: Allow faded altars: false
     0 | D:1      | 0 ||| qw: Do Orc after clearing Dungeon:15 true
     0 | D:1      | 0 ||| qw: Do second Lair branch before Depths: true
     0 | D:1      | 0 ||| qw: Lair rune preference: random
     0 | D:1      | 0 ||| qw: Goals: Normal
     0 | D:1      | 0 ||| PLANNING D:1-11
   193 | D:1      | Reached skill level 3 in Ranged Weapons
   207 | D:1      | Reached XP level 2. HP: 23/23 MP: 2/2
   613 | D:1      | Reached XP level 3. HP: 29/29 MP: 3/3
   790 | D:1      | 790 ||| READING 2 scrolls labelled KYEME JUBBUUL.
   791 | D:1      | 791 ||| READING scroll labelled FITHUL HIMUMMU.
   792 | D:1      | 792 ||| READING scroll labelled RANUDD LULAR.
   793 | D:1      | 793 ||| DRINKING 3 black potions.
   794 | D:1      | 794 ||| DROPPING scroll of noise.
   795 | D:1      | 795 ||| DROPPING scroll of poison.
   945 | D:2      | Reached skill level 4 in Ranged Weapons
   982 | D:2      | Found a faded altar of an unknown god.
   998 | D:2      | Noticed Jessica
  1005 | D:2      | Killed Jessica
  1006 | D:2      | Reached XP level 4. HP: 36/36 MP: 4/4
  1029 | D:2      | Noticed Robin
  1038 | D:2      | Killed Robin
  1177 | D:2      | Noticed Terence
  1179 | D:2      | Reached skill level 5 in Ranged Weapons
  1193 | D:2      | HP: 7/36 [Terence/+0 hand axe (3)]
  1195 | D:2      | HP: 2/36 [Terence/+0 hand axe (6)]
  1197 | D:2      | Slain by Terence

Levels and vault maps discovered:
D:1:      evilmike_arrival_rings, layout_loops_ring
D:2:      layout_rooms, basic_ecumenical_altar, grunt_decor_one_mirror,
          uniq_robin, uniq_jessica, uniq_terence

Skill      XL: |  1  2  3  4 |
---------------+-------------+-----
Ranged Weapons | 3 4 5 |  5.1
Fighting       | 2 |  2.1
Dodging        | |  2.1
Spellcasting   | |  1.0
Hexes          | |  2.0

Action                     |  1- 3 |  4- 6 || total
---------------------------+-------+-------++-------
   Fire: Sling             |    80 |    50 ||   130
    Use: Scroll            |     3 |       ||     3
         Potion            |     1 |       ||     1
 Armour: Robe              |     4 |       ||     4
  Dodge: Dodged            |     8 |    11 ||    19

Table legend:
 A = Non-vault XP
 B = Vault XP
 C = Vault XP percentage of total XP
 D = Non-vault monster count
 E = Vault monster count
 F = Vault count percentage of total count
                 A         B        C        D         E       F
            +---------+---------+-------+---------+---------+-------
      Total |      87 |      65 |  42.8 |      37 |       8 |  17.8
            +---------+---------+-------+---------+---------+-------
        D:1 |      44 |       0 |   0.0 |      25 |       0 |   0.0
        D:2 |      43 |      65 |  60.2 |      12 |       8 |  40.0
            +---------+---------+-------+---------+---------+-------
